 Dungeon Crawl Stone Soup version 0.29.1-1-gd02db6906a (webtiles) character file.

Game seed: 13480851727698698391

131 Mindcool24 the Poker (level 4, -7/41 HPs)
             Began as a Minotaur Berserker on Oct 10, 2022.
             Was a Follower of Trog.
             Splashed by a jelly's acid (10 damage)
             ... on level 5 of the Dungeon.
             The game lasted 00:12:21 (2483 turns).

Mindcool24 the Poker (Minotaur Berserker)           Turns: 2483, Time: 00:12:22

Health: -7/41      AC:  3    Str: 23    XL:     4   Next: 91%
Magic:  3/3        EV:  2    Int:  4    God:    Trog [*.....]
Gold:   187        SH:  9    Dex: 10    Spells: 3/3 levels left

rFire   . . .      SeeInvis .   g - +0 falchion
rCold   . . .      Faith    .   m - +0 tower shield
rNeg    . . .      Spirit   .   l - +0 plate armour
rPois   .          Reflect  .   (helmet restricted)
rElec   .          Harm     .   (no cloak)
rCorr   .          Rampage  .   (no gloves)
Will    .....                   (no boots)
Stlth   ..........              (no amulet)
HPRegen 0.13/turn               (no ring)
MPRegen 0.08/turn               (no ring)

@: lethally poisoned (-7 -> -16), corroded
A: horns 2, retaliatory headbutt
a: Renounce Religion, Berserk


You were on level 5 of the Dungeon.
You worshipped Trog.
Trog was aware of your devotion.
You visited 1 branch of the dungeon, and saw 5 of its levels.

You collected 187 gold pieces.

Inventory:

Hand Weapons
 a - a +0 spear
 f - a +0 dagger
 g - a +0 falchion (weapon)
Missiles
 d - 27 stones (quivered)
Armour
 b - a +0 animal skin
 e - a +0 scale mail
 l - a +0 plate armour (worn)
 m - a +0 tower shield (worn)
Jewellery
 j - a ring of willpower
Scrolls
 h - a scroll of immolation
 k - a scroll of poison
Potions
 c - a potion of cancellation {unknown}
 i - a potion of haste {unknown}
 n - a potion of heal wounds {unknown}


   Skills:
 + Level 4.7 Fighting
 + Level 0.3 Long Blades
 + Level 5.2 Polearms
 + Level 3.1 Armour
 + Level 2.8 Dodging
 + Level 0.4 Stealth
 + Level 0.5 Shields


You had 3 spell levels left.
You didn't know any spells.
Your spell library contained the following spells:

 Spells                   Type           Power      Damage    Failure   Level
 Foxfire                  Conj/Fire      0%         2x1d4     100%        1
 Slow                     Hex            0%         N/A       100%        1
 Confusing Touch          Hex            0%         N/A       100%        3
 Conjure Flame            Conj/Fire      0%         6-21      100%        3
 Ignite Poison            Fire/Tmut/Pois 0%         N/A       100%        3
 Inner Flame              Hex/Fire       0%         N/A       100%        3
 Mephitic Cloud           Conj/Pois/Air  0%         N/A       100%        3
 Vampiric Draining        Necr           0%         2d6       100%        3
 Flame Wave               Conj/Fire      0%         2d4       100%        4
 Freezing Cloud           Conj/Ice/Air   0%         6-21      100%        5


Dungeon Overview and Level Annotations

Branches:
Dungeon (5/15)
 Temple: D:4-7

Altars:
Zin


Innate Abilities, Weirdness & Mutations

You have a pair of horns on your head.
You reflexively headbutt those who attack you in melee.


Message History

You hit the ufetubus. You headbutt the ufetubus.
You kill the ufetubus!
Trog accepts your kill.
A jelly comes into view.
The jelly quivers.
You hit the scorpion but do no damage.
The scorpion stings you but does no damage.
You block the scorpion's attack.
The scorpion stings you but does no damage.
You hit the scorpion. Your headbutt misses the scorpion.
The scorpion is lightly wounded.
The scorpion stings you but does no damage. x2
The jelly hits you but does no damage.
You hit the scorpion but do no damage. You headbutt the scorpion.
The scorpion is heavily wounded.
You block the scorpion's attack. The jelly hits you but does no damage.
You block the scorpion's attack.
You hit the scorpion but do no damage.
The scorpion is heavily wounded.
The jelly jiggles.
The jelly hits you but does no damage.
The scorpion stings you but does no damage.
The jelly hits you.
You are splashed with acid!
The scorpion stings you but does no damage.
You hit the jelly.
Your hands burn!
The jelly is lightly wounded.
The scorpion stings you.
You are poisoned.
The scorpion poisons you! The jelly hits you but does no damage.
The scorpion stings you. You block the jelly's attack.
You hit the jelly. The acid corrodes you!
Your hands burn!
* * * LOW HITPOINT WARNING * * *
The jelly is moderately wounded.
* * * LOW HITPOINT WARNING * * *
You feel very sick.
The scorpion stings you but does no damage.
The jelly hits you.
* * * LOW HITPOINT WARNING * * *
The acid corrodes you!
You are splashed with acid!
You die...

..# #......# # #.#
#......# ..#.#
#......# #.#.#
#......# #.
#.#.###......##
..######.#.##.........
......................
.............J........
#.......#.##s@.≈≈≈≈≈≈
#.......'.###..≈≈≈≈≈≈
#.......#.# #.......≈
#.......### #.......≈
#.......# #.####..≈
#.......#####.. ..≈
#..........##.. .≈
#.#####....##..
#.#####....##...


You could see a scorpion and a jelly.

Vanquished Creatures
  A howler monkey (D:4)
  A jelly (D:4)
  2 adders
  An ufetubus (D:5)
  2 worms
  A dart slug (D:1)
  5 endoplasms
  6 goblins
  2 hobgoblins
  2 kobolds
  2 quokkas (D:1)
  2 ball pythons
  3 bats
  3 frilled lizards
  5 rats
38 creatures vanquished.

Notes
Turn   | Place    | Note
-------+----------+-------------------------------------------
     0 | D:1      | Mindcool24 the Minotaur Berserker began the quest for the
                  | Orb.
     0 | D:1      | Reached XP level 1. HP: 19/19 MP: 0/0
   312 | D:1      | Reached skill level 4 in Polearms
   313 | D:1      | Reached XP level 2. HP: 10/27 MP: 1/1
   610 | D:1      | Found a faded altar of an unknown god.
   946 | D:2      | Reached XP level 3. HP: 26/33 MP: 2/2
  1716 | D:4      | Found a glowing silver altar of Zin.
  1826 | D:4      | Reached XP level 4. HP: 35/41 MP: 3/3
  2043 | D:4      | Reached skill level 5 in Polearms
  2109 | D:4      | Reached ** piety under Trog
  2446 | D:5      | Entered Level 5 of the Dungeon
  2475 | D:5      | Noticed a scorpion
  2483 | D:5      | Splashed by a jelly's acid

Illustrated notes

Levels and vault maps discovered:
D:1:      co_arrival_random_square_maze, layout_loops_ring,
          hellmonk_ecumenical_altar_pennies_from_heaven, grunt_decor_arrowhead
D:2:      layout_basic
D:3:      layout_basic, pf_guarded_unrand_delatra
D:4:      layout_gridville, mainiacjoe_overflow_small_starburst
D:5:      layout_basic, mainiacjoe_overflow_chevrons

Skill      XL: |  1  2  3  4 |
---------------+-------------+-----
Polearms       | 4 5 |  5.2
Fighting       | 4 |  4.7
Armour         | 3 |  3.1
Long Blades    | |  0.3
Dodging        | |  2.8
Stealth        | |  0.4
Shields        | |  0.5

Action                   |  1- 3 |  4- 6 || total
-------------------------+-------+-------++-------
Melee: Spear             |    73 |       ||    73
       Headbutt          |    11 |     6 ||    17
       Falchion          |    11 |    24 ||    35
  Use: Scroll            |     4 |     1 ||     5
       Potion            |     2 |       ||     2
Armor: Animal skin       |     5 |       ||     5
       Scale mail        |    26 |       ||    26
       Plate armour      |       |    32 ||    32
Dodge: Dodged            |    48 |     3 ||    51
Block: Tower shield      |     5 |    22 ||    27
